 Dungeon Crawl Stone Soup version 0.27-a0-1301-g128193abf8 (webtiles) character file.

Game seed: 10946911907196778957

1889 karkarkar the Chopper (level 9, -1/54 HPs)
             Began as a Gargoyle Fighter on June 16, 2021.
             Killed by divine providence
             ... invoked by an orc priest
              (15 damage)
             ... on level 7 of the Dungeon on June 17, 2021.
             The game lasted 00:18:37 (6408 turns).

karkarkar the Chopper (Gargoyle Fighter)            Turns: 6408, Time: 00:18:37

Health: -1/54      AC: 26    Str: 22    XL:     9   Next: 15%
Magic:  11/11      EV:  5    Int:  9    God:
Gold:   326        SH: 10    Dex: 10    Spells: 11/11 levels left

rFire    . . .     SeeInvis .   a - +0 war axe
rCold    . . .     Faith    .   c - +0 kite shield
rNeg     + . .     Spirit   .   p - +0 plate armour
rPois    ∞         Reflect  .   g - +2 helmet
rElec    +         Harm     .   (no cloak)
rCorr    .         Rampage  .   (no gloves)
Will     .....                  (no boots)
Stlth    ..........             (no amulet)
HPRegen  0.18/turn              b - +4 ring of protection
MPRegen  0.12/turn              r - ring of flight

@: flying
A: sickness immunity, AC +6, negative energy resistance 1, electricity
resistance, torment resistance 1, petrification resistance
a: no special abilities


You were on level 7 of the Dungeon.
You visited 1 branch of the dungeon, and saw 7 of its levels.

You collected 326 gold pieces.

Inventory:

Hand Weapons
 a - a +0 war axe (weapon)
Armour
 c - a +0 kite shield (worn)
 g - a +2 helmet (worn)
 p - a +0 plate armour (worn)
 q - +0 acid dragon scales
 w - the +2 leather armour of Ilagratiergh {rC+}
   (You found it on level 7 of the Dungeon)

   It protects you from cold.
Jewellery
 b - a +4 ring of protection (left hand)
 r - a ring of flight (right hand)
Wands
 m - a wand of charming (12) (quivered)
 x - a wand of iceblast (4)
Scrolls
 j - 2 scrolls of teleportation
 k - a scroll of fog
 l - a scroll of summoning
 n - a scroll of enchant weapon {unknown}
 o - 2 scrolls of holy word
 t - a scroll of noise {unknown}
 u - a scroll of fear {unknown}
Potions
 d - 2 potions of might
 e - 3 potions of curing
 f - a potion of cancellation
 h - 3 potions of flight
 i - a potion of attraction
 s - a potion of degeneration {unknown}
 v - a potion of magic {unknown}


   Skills:
 + Level 5.3 Fighting
 + Level 7.2 Axes
 + Level 5.8 Armour
 + Level 1.6 Dodging
 + Level 0.7 Stealth
 + Level 6.7 Shields
 * Level 1.6 Spellcasting
 + Level 0.2 Evocations


You had 11 spell levels left.
You didn't know any spells.
Your spell library contained the following spells:

 Spells                   Type           Power      Damage    Failure   Level
 Animate Skeleton         Necr           0%         N/A       100%        1
 Apportation              Tloc           0%         N/A       100%        1
 Corona                   Hex            0%         N/A       100%        1
 Magic Dart               Conj           0%         1d3       100%        1
 Summon Small Mammal      Summ           0%         N/A       100%        1
 Blink                    Tloc           N/A        N/A       100%        2
 Call Imp                 Summ           0%         N/A       100%        2
 Ensorcelled Hibernation  Hex/Ice        0%         N/A       100%        2
 Poisonous Vapours        Pois/Air       0%         N/A       100%        2
 Searing Ray              Conj           0%         3d3       100%        2
 Slow                     Hex            0%         N/A       100%        2
 Confusing Touch          Hex            0%         N/A       100%        3
 Conjure Flame            Conj/Fire      0%         6-21      100%        3
 Dazzling Flash           Conj/Hex       0%         N/A       100%        3
 Mephitic Cloud           Conj/Pois/Air  0%         N/A       100%        3
 Tukima's Dance           Hex            0%         N/A       100%        3
 Fulminant Prism          Conj/Hex       0%         3d6       100%        4
 Iskenderun's Mystic Bla  Conj/Tloc      0%         2d3       100%        4
 Freezing Cloud           Conj/Ice/Air   0%         6-21      100%        5


Dungeon Overview and Level Annotations

Branches:
Dungeon (7/15)             Temple (0/1) D:5

Altars:
Fedhas
Gozag
Okawaru
Zin
The Shining One

Shops:
D:4 *   D:5 =


Innate Abilities, Weirdness & Mutations

You are immune to sickness and miasma.
Your stone body is resilient. (AC +6)
You are immune to poison.
You resist negative energy. (rN+)
You are resistant to electric shocks. (rElec)
You are resistant to unholy torment.
You are immune to petrification.


Message History

y - a +0 barding You drop a +0 barding.
You see here a +0 buckler.
There is an opulent altar of Gozag here.
An orc wizard comes into view. It is wielding a +0 dagger.
The orc wizard shouts!
An orc warrior comes into view.
It is wielding a +0 halberd and wearing a +0 chain mail of fire resistance.
You block the orc wizard's attack.
The orc warrior shouts!
You hear a shout!
The orc wizard hits you but does no damage.
You slash the orc wizard!
The orc wizard is severely wounded.
An orc priest comes into view. It is wielding a +0 hand axe.
The orc wizard casts a spell at you.
The puff of flame hits you but does no damage.
You barely miss the orc wizard.
The orc wizard is severely wounded.
The orc priest shouts!
You hear a shout!
The orc wizard hits you but does no damage.
The orc priest looks braver for a moment.
You hit the orc wizard.
You kill the orc wizard!
An orc priest comes into view. It is wielding a +0 flail.
The orc warrior hits you with a +0 halberd.
Things that are here:
a +0 dagger; a +0 robe; an orc corpse You closely miss the orc warrior.
You block the orc warrior's attack.
You barely miss the orc warrior.
The orc warrior hits you but does no damage.
The orc priest invokes the aid of Beogh against you.
Beogh smites you!
You closely miss the orc warrior. You block the orc warrior's attack.
The orc priest mumbles some strange prayers to Beogh against you.
Beogh smites you! You block the orc warrior's attack.
You hit the orc warrior but do no damage.
The orc warrior hits you with a +0 halberd!
* * * LOW HITPOINT WARNING * * *
The orc priest invokes the aid of Beogh against you.
Beogh smites you!
You die...

..........#.......<..#.#
..)............#.#####.#
.#.............#..).[..#
...............#########
...####.#.#..#.#
..........#.#..#
..#####.#[._..####
..........#.#....#
..#####.#.#.####@# #(#
#.#.#.# #o#
#.#####.#.#.# #o#
#.......#.#.# #o#
#...###.#.#.# #.# #...#
#.#.#.# #.#
#...###.#.#.# #.#
#.......#.#.# #.#
###.###.#.#.#


You could see an orc warrior and 2 orc priests.

Vanquished Creatures
  Grinder (D:3)
  A wraith (D:7)
  A water moccasin (D:5)
  An orc warrior (D:5)
  A sky beast (D:6)
  A black bear (D:5)
  An ogre (D:6)
  A necrophage (D:4)
  A centaur (D:7)
  A phantom (D:5)
  A bullfrog (D:6)
  3 scorpions
  A water moccasin skeleton (D:4)
  A centaur zombie (D:7)
  A jelly (D:6)
  A hound (D:5)
  2 orc priests (D:5)
  A centaur skeleton (D:5)
  2 iguanas
  Jessica (D:3)
  A bullfrog skeleton (D:7)
  2 orc wizards
  A killer bee zombie (D:6)
  A gnoll (D:1)
  8 adders
  A howler monkey skeleton (D:4)
  2 ufetubi
  2 adder skeletons (D:4)
  A worm (D:5)
  2 dart slugs (D:4)
  10 orcs
  7 ball pythons
  12 endoplasms
  2 giant cockroaches
  7 goblins
  5 hobgoblins
  7 jackals
  10 kobolds
  7 quokkas
  4 bats
  6 frilled lizards
  5 rats
127 creatures vanquished.

Vanquished Creatures (others)
  An endoplasm (D:3)
  7 plants (D:5)
8 creatures vanquished.

Grand Total: 135 creatures vanquished

Notes
Turn   | Place    | Note
-------+----------+-------------------------------------------
     0 | D:1      | karkarkar the Gargoyle Fighter began the quest for the Orb.
     0 | D:1      | Reached XP level 1. HP: 14/14 MP: 1/1
   107 | D:1      | Reached XP level 2. HP: 19/19 MP: 2/2
   201 | D:1      | Reached skill level 2 in Axes
   213 | D:1      | Reached XP level 3. HP: 16/23 MP: 3/3
   454 | D:1      | Found a faded altar of an unknown god.
  1086 | D:2      | Reached XP level 4. HP: 28/28 MP: 4/4
  2165 | D:3      | Reached XP level 5. HP: 31/33 MP: 5/5
  2386 | D:3      | Noticed Jessica
  2393 | D:3      | Killed Jessica
  2394 | D:3      | Reached skill level 3 in Axes
  2627 | D:3      | Noticed Grinder
  2641 | D:3      | Killed Grinder
  2642 | D:3      | Reached skill level 4 in Axes
  2642 | D:3      | Reached skill level 1 in Dodging
  2642 | D:3      | Reached skill level 5 in Shields
  2642 | D:3      | Reached XP level 6. HP: 31/38 MP: 6/6
  3128 | D:4      | Noticed a necrophage
  3140 | D:4      | Killed a necrophage
  3141 | D:4      | Reached XP level 7. HP: 33/43 MP: 7/7
  3224 | D:4      | Found Zin's Purification Station.
  3225 | D:4      | Found a glowing silver altar of Zin.
  3697 | D:5      | Entered Level 5 of the Dungeon
  3699 | D:5      | Found Vuaqak's Jewellery Emporium.
  3709 | D:5      | Reached skill level 5 in Axes
  3712 | D:5      | Found a staircase to the Ecumenical Temple.
  3850 | D:5      | Found a blossoming altar of Fedhas.
  4098 | D:5      | Reached XP level 8. HP: 43/48 MP: 8/8
  4243 | D:5      | Reached skill level 6 in Axes
  4432 | D:5      | Reached skill level 5 in Armour
  4794 | D:5      | Reached skill level 5 in Fighting
  5034 | D:6      | Found an iron altar of Okawaru.
  5212 | D:6      | Upgraded the game from 0.27-a0-1299-g1ab19c6527 to
                  | 0.27-a0-1301-g128193abf8
  5543 | D:6      | Reached skill level 1 in Spellcasting
  6016 | D:7      | Reached XP level 9. HP: 51/54 MP: 10/10
  6046 | D:7      | Found an opulent altar of Gozag.
  6091 | D:7      | Reached skill level 7 in Axes
  6189 | D:7      | Identified the +2 leather armour of Ilagratiergh {rC+}
  6225 | D:7      | Found a glowing golden altar of the Shining One.
  6408 | D:7      | Killed from afar by an orc priest

Illustrated notes

Levels and vault maps discovered:
D:1:      grunt_arrival_crossed_arrows, layout_rooms,
          hellmonk_ecumenical_altar_slurped_away
D:2:      layout_loops_ring
D:3:      layout_basic, uniq_jessica, uniq_grinder
D:4:      layout_basic, zin_purify
D:5:      layout_rooms, fedhas_ov_isle_minmay, minmay_temple_entry_offerings,
          serial_shops, shop_fountains, guppyfry_early_orc_mine
D:6:      layout_loops_ring, okawaru_trees_1
D:7:      minmay_chambers_of_sixes, layout_basic, tso_metal_star,
          lemuel_crystal_altar, lemuel_coloured_pillars_altar

Skill      XL: |  1  2  3  4  5  6  7  8  9 |
---------------+----------------------------+-----
Axes           | 2 4 5 6 7 |  7.2
Shields        | 4 5 6 |  6.7
Fighting       | 4 5 |  5.3
Armour         | 4 5 |  5.8
Dodging        | 1 |  1.6
Spellcasting   | 1 |  1.6
Stealth        | |  0.7
Evocations     | |  0.2

Action                   |  1- 3 |  4- 6 |  7- 9 || total
-------------------------+-------+-------+-------++-------
Melee: War axe           |    83 |   123 |   230 ||   436
Evoke: Wand              |       |     1 |       ||     1
  Use: Scroll            |       |     1 |     9 ||    10
Armor: Scale mail        |    52 |    79 |    11 ||   142
       Plate armour      |       |       |   156 ||   156
Dodge: Dodged            |    26 |    40 |    72 ||   138
Block: Kite shield       |    58 |    91 |   155 ||   304

Table legend: (Time is in decaauts)
 A = Elapsed time spent in this place.
 B = Non-inter-level travel time spent in this place.
 C = Inter-level travel time spent in this place.
 D = Time resting spent in this place.
 E = Time spent auto-exploring this place.
 F = Levels seen in this place.
 G = Mean time per level.
                   A        B        C        D        E       F      G
               +--------+--------+--------+--------+--------+-----+--------+
         Total |   6624 |   6540 |     84 |    767 |   4065 |   7 |  946.3 |
       Dungeon |   6624 |   6540 |     84 |    767 |   4065 |   7 |  946.3 |
               +--------+--------+--------+--------+--------+-----+--------+

Top non-repeatable levels by time:
     D:5: 1312 daAuts
     D:3: 1144 daAuts
     D:2: 1016 daAuts
     D:1: 953 daAuts
     D:6: 920 daAuts
     D:4: 718 daAuts
     D:7: 559 daAuts
